 Dungeon Crawl Stone Soup version 0.30.0 (webtiles) character file.

Game seed: 15813535002435837362

73 Dani the Chopper (level 4, -2/35 HPs)
             Began as a Demonspawn Fighter on May 20, 2023.
             Slain by an orc wizard
             ... wielding a +0 dagger
              (3 damage)
             ... on level 2 of the Dungeon.
             The game lasted 00:02:51 (1391 turns).

Dani the Chopper (Demonspawn Fighter)               Turns: 1391, Time: 00:02:52

Health: -2/35      AC:  6    Str: 16    XL:     4   Next: 8%
Magic:  4/4        EV:  8    Int: 12    God:
Gold:   121        SH:  4    Dex: 12    Spells: 3/3 levels left

rFire   . . .        a - +0 war axe
rCold   . . .        c - +0 buckler
rNeg    . . .        b - +0 scale mail
rPois   .            (no helmet)
rElec   .            (no cloak)
rCorr   .            (no gloves)
SInv    .            (no boots)
Will    .....        h - amulet of faith Stlth
                     (no ring)
HPRegen 0.25/turn    (no ring)
MPRegen 0.09/turn

%: faith
@: no status effects
A: claws 1, demonic guardian 1
a: no special abilities


You were on level 2 of the Dungeon.
You visited 1 branch of the dungeon, and saw 2 of its levels.

You collected 121 gold pieces.

Inventory:

Hand Weapons
 a - a +0 war axe (weapon)
Armour
 b - a +0 scale mail (worn)
 c - a +0 buckler (worn)
Jewellery
 e - a ring of ice
   (You found it on level 1 of the Dungeon)
 h - an amulet of faith (around neck)
   (You found it on level 1 of the Dungeon)
Scrolls
 i - a scroll of poison {unknown}
 k - a scroll of fog {unknown}
 m - 2 scrolls of enchant armour {unknown}
Potions
 d - a potion of might
 f - a potion of lignification {unknown}
 g - a potion of curing {unknown}
 j - a potion of heal wounds {unknown}
 l - a potion of ambrosia {unknown}


   Skills:
 - Level 3.0 Fighting
 + Level 4.0 Axes
 - Level 2.6 Armour
 - Level 2.6 Shields


You had 3 spell levels left.
You didn't know any spells.
Your spell library contained the following spells:

 Spells                   Type           Power      Damage    Failure   Level
 Necrotise                Necr           0%         1d4       83%         1
 Poisonous Vapours        Pois/Air       0%         N/A       93%         2
 Mephitic Cloud           Conj/Pois/Air  0%         N/A       99%         3
 Vampiric Draining        Necr           0%         2d6       99%         3
 Agony                    Necr           0%         N/A       100%        5
 Freezing Cloud           Conj/Ice/Air   0%         6-21      100%        5


Dungeon Overview and Level Annotations

Branches:
Dungeon (2/15)

Altars:
Hepliaklqana


Innate Abilities, Weirdness & Mutations

You have sharp fingernails.
A weak demonic guardian rushes to your aid.


Message History

The orc wizard hits you with a +0 dagger.
* * * LOW HITPOINT WARNING * * *
The orc hits you but does no damage.
You barely miss the orc.
The orc is severely wounded.
You barely miss the orc wizard. You closely miss the orc.
The orc wizard gestures at you while chanting.
The puff of flame hits you!
* * * LOW HITPOINT WARNING * * *
The orc barely misses you. The orc hits you but does no damage.
You are too injured to fight recklessly!
You are too injured to fight recklessly!
You are too injured to fight recklessly!
You barely miss the orc wizard.
The orc wizard is moderately wounded.
You closely miss the orc. You barely miss the orc.
The orc wizard hits you but does no damage.
The orc hits you but does no damage. x4; The orc wizard barely misses you.
You hit the orc wizard.
The orc wizard is heavily wounded.
You barely miss the orc. You closely miss the orc.
The orc wizard casts a spell.
The orc wizard flickers and vanishes!
Deactivating autopickup; reactivate with Ctrl-A.
The orc hits you with a +0 whip.
* * * LOW HITPOINT WARNING * * *
You block the orc's attack.
You barely miss something. You closely miss the orc. x2
Something completely misses you. The orc hits you but does no damage. x2
You hit something but do no damage. You closely miss the orc. You hit the orc.
You kill the orc!
Something hits you but does no damage. The orc barely misses you. x2
You hear some strange, mumbled words.
You are confused.
You closely miss the orc.
The orc is severely wounded.
You miss something.
You hear some strange, mumbled words.
A puff of flame appears from out of thin air!
The puff of flame hits you.
* * * LOW HITPOINT WARNING * * *
The orc hits you with a +0 whip.
* * * LOW HITPOINT WARNING * * *
A demonic guardian appears!
You barely miss the orc.
The orc is severely wounded.
You barely miss something. The orc hits you with a +0 whip.
* * * LOW HITPOINT WARNING * * *
A demonic guardian appears!
Something hits you but does no damage.
You completely miss your quasit. You closely miss something.
You closely miss the orc. The orc hits you with a +0 whip.
* * * LOW HITPOINT WARNING * * *
You hear some strange, mumbled words.
A puff of flame appears from out of thin air!
The puff of flame hits you.
* * * LOW HITPOINT WARNING * * *
Your white imp closely misses the orc.
Something hits you but does no damage. The orc hits you but does no damage.
Your quasit closely misses the orc.
Your quasit claws the orc.
The orc dies!
Something closely misses your quasit.
Okay, then.
You feel less confused. Something hits your quasit.
Something misses your quasit. Something closely misses your quasit.
Something hits your quasit.
You hear some strange, mumbled words.
A puff of flame appears from out of thin air!
The puff of flame hits your quasit.
Your quasit resists.
Something hits your quasit. Something closely misses your quasit.
Something hits your quasit but does no damage.
Something hits you but does no damage.
You miss something.
Your quasit disappears in a puff of smoke!
Something hits you but does no damage.
You miss something. Something hits you but does no damage.
You hit something. Something hits you.
* * * LOW HITPOINT WARNING * * *
Something hits you but does no damage.
You barely miss something.
An orc wizard appears from thin air!
Reactivating autopickup.
The orc wizard gestures wildly while chanting.
The orc wizard flickers and vanishes!
Deactivating autopickup; reactivate with Ctrl-A.
You barely miss something.
You hear some strange, mumbled words.
Something tries to affect you, but you resist.
You hit something.
Your white imp disappears in a puff of smoke!
Something hits you but does no damage.
You hear some strange, mumbled words.
A puff of flame appears from out of thin air!
The puff of flame hits you.
* * * LOW HITPOINT WARNING * * *
A demonic guardian appears!
You closely miss something. Something hits you.
You die...

#### ########....
#...........
#........... ..
#.......$... ...
#........... !...
#...@:......
....##..5){......
.?.......)<.....
####..†.........
#$...........
######........###
........#.....#
#######.##..###
#.#..## #


You could see a friendly white imp (summoned).

Vanquished Creatures
  Jessica (D:2)
  An adder (D:2)
  A worm (D:2)
  A dart slug (D:2)
  An orc (D:2)
  6 ball pythons
  3 endoplasms
  A giant cockroach (D:1)
  4 goblins
  A hobgoblin (D:1)
  A quokka (D:1)
  3 bats (D:2)
  A kobold (D:1)
  5 rats
30 creatures vanquished.

Vanquished Creatures (collateral kills)
  An orc (D:2)
1 creature vanquished.

Vanquished Creatures (others)
  9 plants (D:2)
9 creatures vanquished.

Grand Total: 40 creatures vanquished

Notes
Turn   | Place    | Note
-------+----------+-------------------------------------------
     0 | D:1      | Dani the Demonspawn Fighter began the quest for the Orb.
     0 | D:1      | Reached XP level 1. HP: 18/18 MP: 1/1
    42 | D:1      | Reached skill level 2 in Axes
   133 | D:1      | Gained mutation: You have sharp fingernails. [demonic
                  | ancestry]
   133 | D:1      | Reached XP level 2. HP: 17/24 MP: 2/2
   977 | D:2      | Reached skill level 3 in Axes
  1085 | D:2      | Found a hazy altar of Hepliaklqana.
  1102 | D:2      | Noticed Jessica
  1105 | D:2      | Killed Jessica
  1106 | D:2      | Reached XP level 3. HP: 29/29 MP: 3/3
  1115 | D:2      | HP: 6/29 [worm (8)]
  1345 | D:2      | Gained mutation: A weak demonic guardian rushes to your
                  | aid. [demonic ancestry]
  1345 | D:2      | Reached XP level 4. HP: 35/35 MP: 4/4
  1363 | D:2      | Reached skill level 4 in Axes
  1372 | D:2      | HP: 7/35 [something/puff of flame (4)]
  1374 | D:2      | HP: 3/35 [something/puff of flame (1)]
  1387 | D:2      | HP: 4/35 [something (3)]
  1390 | D:2      | HP: 1/35 [something/puff of flame (4)]
  1391 | D:2      | Slain by an orc wizard

Illustrated notes

Levels and vault maps discovered:
D:1:      heliophobic_arrival_glass_houses, layout_loops_ring
D:2:      layout_basic, basic_altar, dreamdust_wishing_well,
          serial_bayou_ford_a, uniq_jessica

Skill      XL: |  1  2  3  4 |
---------------+-------------+-----
Axes           | 2 3 4 |  4.0
Fighting       | |  3.0
Armour         | |  2.6
Shields        | |  2.6

Action                     |  1- 3 |  4- 6 || total
---------------------------+-------+-------++-------
  Melee: War axe           |    77 |    18 ||    95
    Use: Scroll            |     3 |       ||     3
 Armour: Scale mail        |    39 |    19 ||    58
  Dodge: Dodged            |    36 |     8 ||    44
  Block: Buckler           |    12 |     3 ||    15

Levels and vault maps discovered:
D:1:      heliophobic_arrival_glass_houses, layout_loops_ring
D:2:      layout_basic, basic_altar, dreamdust_wishing_well,
          serial_bayou_ford_a, uniq_jessica

Table legend: (Time is in decaauts)
 A = Elapsed time spent in this place.
 B = Non-inter-level travel time spent in this place.
 C = Inter-level travel time spent in this place.
 D = Time resting spent in this place.
 E = Time spent auto-exploring this place.
 F = Levels seen in this place.
 G = Mean time per level.
                   A        B        C        D        E       F      G
               +--------+--------+--------+--------+--------+-----+--------+
         Total |   1437 |   1386 |     51 |     29 |   1031 |   2 |  718.5 |
       Dungeon |   1437 |   1386 |     51 |     29 |   1031 |   2 |  718.5 |
               +--------+--------+--------+--------+--------+-----+--------+

Top non-repeatable levels by time:
     D:1: 876 daAuts
     D:2: 560 daAuts

Table legend:
 A = Kills in this place as a percentage of kills in the entire game.
 B = Kills by you in this place as a percentage of kills by you in the entire game.
 C = Kills by friends in this place as a percentage of kills by friends in the entire game.
 D = Other kills in this place as a percentage of other kills in the entire game.
 E = Experience gained in this place as a percentage of experience gained in the entire game.
 F = Experience gained in this place divided by the number of levels of this place that you have seen.
                   A       B       C       D       E      F
               +-------+-------+-------+-------+-------+----------------------
         Total | 100.0 | 100.0 | 100.0 |   N/A | 100.0 |  52.5
       Dungeon | 100.0 | 100.0 | 100.0 |   N/A | 100.0 |  52.5
               +-------+-------+-------+-------+-------+----------------------
